 Dungeon Crawl Stone Soup version 0.30-a0-782-ge64f9170bb (webtiles) character file.

Game seed: 2412562550588652300

45952 112233 the Spry (level 14, -11/87 (89) HPs)
             Began as a Felid Earth Elementalist on Feb 25, 2023.
             Was an Initiate of Gozag.
             Killed from afar by a molten gargoyle (17 damage)
             ... with a bolt of magma
             ... summoned by a halazid warlock
             ... in the Desolation of Salt.
             The game lasted 00:52:40 (37588 turns).

112233 the Spry (Felid Earth Elementalist)         Turns: 37588, Time: 00:52:41

HP:   -11/87 (89)   AC: 26    Str:  4    XL:     14   Next: 3%
MP:   11/33         EV: 29    Int: 21    God:    Gozag
Gold: 175           SH:  0    Dex: 17    Spells: 2/42 levels left
                                        Lives: 0   Deaths: 4

rFire   . . .      SeeInvis +      - Unarmed
rCold   + . .      Faith    .    (shield unavailable)
rNeg    + . .      Spirit   .    (body armour unavailable)
rPois   ∞          Reflect  .    (helmet unavailable)
rElec   +          Harm     .    (cloak unavailable)
rCorr   .          Rampage  .    (gloves unavailable)
Will    ++...                    (boots unavailable)
Stlth   +                        q - amulet of magic regeneration
HPRegen 0.34/turn                O - ring of wizardry
MPRegen 0.63/turn                k - ring of wizardry

@: statue-form, silenced, lightly drained, very slow
A: slow and powerful, torment resistance 1, boosted hp, very small, claws 1,
fangs 3, see invisible, (speed 1), (shaggy fur 3), stealthy paws, no weapons or
thrown items, no armour, multi-lived, cold resistance 1
a: End Transformation, Renounce Religion


You were in the Desolation of Salt.
You worshipped Gozag.
Gozag was aware of your devotion.
You were a living statue of rough stone.
You visited 4 branches of the dungeon, and saw 23 of its levels.
You also visited: Ossuary and Desolation.

You collected 8642 gold pieces.
You spent 3882 gold pieces at shops.
You paid 4585 gold pieces to Gozag.

Inventory:

Jewellery
 a - a ring of magical power
 f - the ring of Wylen {rC+ rCorr}
   (You found it in the Desolation of Salt)

   [ring of resist corrosion]

   rC:        It protects you from cold.
   rCorr:     It protects you from acid and corrosion.
 k - a ring of wizardry (right paw)
 l - the ring "Raed" {rF+++ rC+}
   (You acquired it on level 13 of the Dungeon)

   [ring of protection from cold]

   rF:        It renders you almost immune to fire.
   rC:        It protects you from cold.
 q - an amulet of magic regeneration (around neck)
 r - a +4 ring of slaying
 u - an amulet of reflection
 O - a ring of wizardry (left paw)
 S - an amulet of the acrobat
Wands
 d - a wand of mindburst (6)
 z - a wand of polymorph (12) (quivered)
 J - a wand of paralysis (13)
 V - a wand of flame (13)
 Z - a wand of digging (3)
Scrolls
 j - 2 scrolls of immolation
 m - 2 scrolls of vulnerability
 n - 2 scrolls of torment
 y - 3 scrolls of fog
 A - a scroll of poison
 B - 3 scrolls of fear
 C - 4 scrolls of enchant armour
 G - 3 scrolls of amnesia
 H - 4 scrolls of magic mapping
 M - 2 scrolls of noise
 P - 3 scrolls of silence
 U - 3 scrolls of identify
Potions
 b - 13 potions of haste
 c - 5 potions of mutation
 e - 8 potions of degeneration
 g - 10 potions of might
 h - 2 potions of berserk rage {unknown}
 o - 5 potions of flight
 p - 4 potions of cancellation
 t - 3 potions of resistance {unknown}
 w - 5 potions of curing
 D - 2 potions of attraction {unknown}
 E - 7 potions of brilliance
 F - a potion of invisibility
 R - 6 potions of lignification
 W - 2 potions of ambrosia {unknown}
Miscellaneous
 i - a phial of floods (inert)
 N - a phantom mirror (inert)
 X - a lightning rod (2/4)
 Y - a condenser vane (inert)


   Skills:
 + Level 12.6 Fighting
 + Level 16.3 Dodging
 - Level 3.3 Stealth
 + Level 2.4 Unarmed Combat
 + Level 14.9 Spellcasting
 + Level 11.5 Conjurations
 + Level 0.3 Summonings
 + Level 9.0 Transmutations
 - Level 9.2 Earth Magic


You had 2 spell levels left.
You knew the following spells:

 Your Spells              Type           Power      Damage    Failure   Level
a - Iron Shot             Conj/Erth      28%        9d6       2%          6
b - Stone Arrow           Conj/Erth      100%       3d13      1%          3
c - Statue Form           Tmut/Erth      34%        N/A       4%          6
d - Apportation           Tloc           30%        N/A       1%          1
e - Spellforged Servitor  Conj/Summ      20%        N/A       56%         7
f - Blink                 Tloc           30%        N/A       1%          2
g - Passwall              Tmut/Erth      43%        N/A       1%          2
h - Sandblast             Erth           100%       2d20      1%          1
i - Irradiate             Conj/Tmut      28%        3d21      1%          5
j - Orb of Destruction    Conj           29%        9d9       8%          7

Your spell library contained the following spells:

 Spells                   Type           Power      Damage    Failure   Level
 Magic Dart               Conj           100%       1d8       1%          1
 Necrotise                Necr           60%        1d7       1%          1
 Shock                    Conj/Air       100%       1d9       1%          1
 Summon Small Mammal      Summ           64%        N/A       1%          1
 Call Imp                 Summ           16%        N/A       1%          2
 Ensorcelled Hibernation  Hex/Ice        30%        N/A       1%          2
 Lesser Beckoning         Tloc           30%        N/A       1%          2
 Momentum Strike          Conj/Tloc      78%        3d10      1%          2
 Searing Ray              Conj           100%       2d8       1%          2
 Static Discharge         Conj/Air       78%        2-6/arc   1%          2
 Ignite Poison            Fire/Tmut/Pois 28%        N/A       1%          3
 Mephitic Cloud           Conj/Pois/Air  31%        N/A       1%          3
 Petrify                  Tmut/Erth      52%        N/A       1%          4
 Iskenderun's Battlesphe  Conj           59%        2d11      1%          5
 Arcjolt                  Conj/Air       19%        1d29      2%          5
 Lightning Bolt           Conj/Air       19%        1d34      2%          5
 Call Canine Familiar     Summ           16%        N/A       3%          3
 Kindle Blastsparks       Fire/Tloc/Air  30%        2d12      3%          3
 Summon Guardian Golem    Hex/Summ       16%        N/A       3%          3
 Swiftness                Air            15%        N/A       3%          3
 Tukima's Dance           Hex            15%        N/A       3%          3
 Vampiric Draining        Necr           15%        2d7       3%          3
 Vhi's Electric Charge    Tloc/Air       30%        N/A       3%          3
 Alistair's Intoxication  Tmut/Pois      22%        N/A       4%          5
 Yara's Violent Unravell  Hex/Tmut       17%        3d8       4%          5
 Freezing Cloud           Conj/Ice/Air   15%        6-21      6%          5
 Olgreb's Toxic Radiance  Pois           15%        N/A       11%         4
 Passage of Golubria      Tloc           15%        N/A       11%         4
 Summon Ice Beast         Ice/Summ       16%        N/A       11%         4
 Summon Lightning Spire   Summ/Air       16%        N/A       11%         4
 Starburst                Conj/Fire      19%        6d7       16%         6
 Summon Mana Viper        Hex/Summ       16%        N/A       26%         5
 Agony                    Necr           15%        N/A       28%         5
 Storm Form               Tmut/Air       17%        N/A       75%         7
 Monstrous Menagerie      Summ           8%         N/A       99%         7
 Borgnjor's Revivificati  Necr           7%         N/A       100%        8
 Maxwell's Capacitive Co  Air            7%         ∞         100%        8
 Necromutation            Tmut/Necr      17%        N/A       100%        8
 Chain Lightning          Conj/Air       19%        3d26      100%        9
 Death's Door             Necr           7%         N/A       100%        9
 Fire Storm               Conj/Fire      19%        8d5       100%        9


Dungeon Overview and Level Annotations

Branches:
Dungeon (15/15)            Temple (0/1) D:7            Lair (5/5) D:10
  Swamp (0/4) Lair:3       Spider (0/4) Lair:3        Slime (0/5) Lair:5
    Orc (2/2) D:11            Elf (1/3) Orc:2        Vaults (0/5) D:14
 Depths (0/4) D:15        Ossuary (visited)         Desolation (1/1)

Altars:
Cheibriados
Elyvilon
Fedhas
Gozag
Hepliaklqana
Makhleb
Nemelex Xobeh
Okawaru
Qazlal
Ru
Uskayaw
Yredelemnul
Zin
The Shining One

Shops:
D:1 !=!:   D:2 :   D:6 !   D:13 *   D:15 !*   Orc:2 ([[=

Annotations:
D:4 exclusion: downstairs
D:5 2 transporters, TryHard88's ghost, novice FoFi
D:6 1 runed translucent door, TryHard88's ghost, novice MiBe
D:7 4 runed translucent doors
D:11 exclusion: downstairs
Lair:2 2 runed translucent doors, Conn's ghost, journeyman OpFE
Lair:3 exclusion: downstairs
Lair:5 exclusion: 3 oklob plants
Orc:2 exclusion: upstairs


Innate Abilities, Weirdness & Mutations

You are a living statue of rough stone.
Your actions are slow, but your melee attacks are powerful.
You are resistant to unholy torment.
Your maximum health is greatly increased.
You are immune to poison.
You have sharp claws.
You have razor-sharp teeth.
You have supernaturally acute eyesight. (SInv)
((You cover ground quickly. (Speed+)))
((Your thick and shaggy fur keeps you warm. (AC +3, rC+)))
Your paws help you pounce on unaware monsters.
You are incapable of wielding weapons or throwing items.
You cannot wear armour.
You gain extra lives every three experience levels.
Your flesh is cold resistant. (rC+)


Message History

Unknown command.
The molten gargoyle attacks as you move away!
The molten gargoyle hits you with a +0 mace.
* * * LOW HITPOINT WARNING * * *
You are engulfed in flames!
* * * LOW HITPOINT WARNING * * *
The servant of whispers completely misses you. x2
The molten gargoyle hits you but does no damage.
Unknown command.
Unknown command.
The molten gargoyle attacks as you move away!
The molten gargoyle closely misses you.
The halazid warlock attacks as you move away!
The halazid warlock touches you but does no damage.
Unknown command.
The servant of whispers hits you from afar with a +0 spear.
* * * LOW HITPOINT WARNING * * *
The molten gargoyle hits you but does no damage.
The halazid warlock touches you but does no damage.
The servant of whispers misses you.
The molten gargoyle completely misses you.
The molten gargoyle blasts magma at you!
The bolt of magma misses you.
Unknown command.
The halazid warlock attacks as you move away!
The halazid warlock completely misses you.
The molten gargoyle blasts magma at you!
The bolt of magma misses you.
Unknown command.
The molten gargoyle attacks as you move away!
The molten gargoyle completely misses you.
The halazid warlock touches you but does no damage.
The molten gargoyle completely misses you.
Unknown command.
The servant of whispers completely misses you.
The saltling hits you but does no damage.
The molten gargoyle blasts magma at you!
The bolt of magma hits you!
You die...
Your body crumbles into a pile of gold.

§..........§§.§§§....
...........9§§§§§§..§
.§§§§.........§.§§§§§§#§.
..#§..§.§.........§§§§§§§§.
.......§§§$..9.....§§§.§§§§
.§....9§8.######§§§§§§§§§§§
........§##.9..##§....§§§..
....9...##9.99..##.§..§....
........#.8L##.)[#.§.......
......$....#a.#..#.§.......
........$$.#..#}.#.........
......#.#.$$##.:.#.........
......9.##.....[##.......9.
.........##...[##......§#§§
........8.######........§§§
..........9.a.9S...a...§§§.
............999paa.......§§


You could see a servant of whispers, a halazid warlock, 3 molten gargoyles and 2
saltlings.

Vanquished Creatures
  An angel (Elf:1)
  Josephine (Orc:2)
  2 ettins
  4 ragged hierophants (Desolation)
  7 hydras
  A peacekeeper (Desolation)
  5 ogre magi
  2 centaur warriors
  Erolcha (D:10)
  4 boulder beetles
  2 servants of whispers (Desolation)
  A catoblepas (D:13)
  2 death knights (D:15)
  20 two-headed ogres
  13 death yaks
  2 dancing weapons (Elf:1)
  A tengu warrior (D:15)
  Nergalle (Orc:1)
  A shock serpent (D:13)
  Amaemon (D:10)
  5 skeletal warriors
  3 skysharks
  3 deep trolls (D:15)
  2 orc knights
  3 ugly things
  A wizard (D:15)
  An ironbound convoker (Desolation)
  A deep elf pyromancer (D:14)
  3 manticores
  A phantasmal warrior (D:15)
  2 wolf spiders (Lair:5)
  6 cyclopes
  9 elephants
  Maurice (D:11)
  13 black mambas
  3 guardian serpents
  17 cane toads
  2 torpor snails
  An ice statue (D:15)
  4 molten gargoyles (D:14)
  An unseen horror (D:10)
  An orange demon (D:10)
  3 rime drakes
  A gargoyle (D:11)
  Psyche (D:8)
  4 komodo dragons
  2 tengu conjurers (D:15)
  2 kobold demonologists
  2 freezing wraiths (D:15)
  3 trolls
  4 polar bears
  12 blink frogs
  3 hornets
  15 saltlings (Desolation)
  4 dream sheep (Lair:5)
  4 slime creatures (D:14)
  A jumping spider (Lair:3)
  3 vampires
  2 shadows (D:13)
  17 wyverns
  34 yaks
  8 wraiths
  6 basilisks
  Grum (D:10)
  3 redbacks (Lair:5)
  10 vampire mosquitoes
  2 swamp worms (Lair:3)
  9 wargs
  4 acid dragons
  22 water moccasins
  2 ice beasts
  2 black bears (D:10)
  9 orc warriors
  3 sky beasts
  32 ogres
  4 centaurs
  19 wolves
  A phantom (D:7)
  12 bullfrogs
  An elf zombie (Ossuary)
  3 scorpions
  3 gnoll sergeants
  10 wights
  17 killer bees
  7 howler monkeys
  6 electric eels
  A centaur zombie (Ossuary)
  3 hounds
  2 jellies
  6 orc priests
  2 gnoll boudas
  An iron imp (D:8)
  An iguana (D:4)
  12 orc wizards
  2 mummies (Ossuary)
  20 gnolls
  10 adders
  2 shadow imps
  2 white imps
  3 adder zombies (Ossuary)
  3 worms
  A dart slug (D:3)
  40 orcs
  5 ball pythons
  8 endoplasms
  2 giant cockroaches
  7 hobgoblins
  6 jackals
  3 quokkas
  2 bats (D:2)
  5 frilled lizards
  7 goblins
  3 goblin zombies (Ossuary)
  7 hobgoblin zombies (Ossuary)
  A jackal zombie (Ossuary)
  10 kobolds
  12 kobold zombies (Ossuary)
  6 orc zombies (Ossuary)
  5 rats
  2 rat zombies (Ossuary)
670 creatures vanquished.

Vanquished Creatures (collateral kills)
  Rupert (Orc:2)
1 creature vanquished.

Vanquished Creatures (others)
  An ogre mage (D:13)
  An orc (Orc:2)
  38 fungi
  117 plants
  7 toadstools (D:1)
164 creatures vanquished.

Grand Total: 835 creatures vanquished

Notes
Turn   | Place    | Note
-------+----------+-------------------------------------------
     0 | D:1      | 112233 the Felid Earth Elementalist began the quest for the
                  | Orb.
     0 | D:1      | Reached XP level 1. HP: 7/7 MP: 4/4
   432 | D:1      | Reached XP level 2. HP: 11/11 MP: 4/6
   452 | D:1      | Found Ewkenkai's Jewellery Emporium.
   457 | D:1      | Reached skill level 3 in Dodging
   583 | D:1      | Found Wixovos's Distillery.
   659 | D:1      | Found Daug's Distillery.
   791 | D:1      | Found Cetet's Book Shop.
   828 | D:1      | Reached XP level 3. HP: 9/14 MP: 4/7
   959 | D:1      | Learned a level 3 spell: Stone Arrow
   962 | D:1      | Learned a level 2 spell: Passwall
  1435 | D:2      | Reached skill level 1 in Fighting
  1435 | D:2      | Reached XP level 4. HP: 14/19 MP: 3/8
  2008 | D:2      | Found a faded altar of an unknown god.
  2093 | D:2      | Found Ehib's Book Boutique.
  2109 | D:2      | Reached skill level 1 in Conjurations
  2356 | D:2      | Reached skill level 4 in Dodging
  2723 | D:3      | Reached XP level 5. HP: 22/22 MP: 10/10
  2801 | D:3      | Found a white marble altar of Elyvilon.
  3108 | D:4      | Gained mutation: Your flesh is cold resistant. (rC+)
                  | [potion of mutation]
  3972 | D:4      | Gained mutation: You are covered in thick fur. (AC +2)
                  | [Felid growth]
  3972 | D:4      | Reached XP level 6. HP: 26/26 MP: 12/12
  4597 | D:5      | Entered Level 5 of the Dungeon
  4597 | D:5      | Found a basalt altar of Yredelemnul.
  4597 | D:5      | Found a hide-covered altar of Uskayaw.
  4597 | D:5      | Found a hazy altar of Hepliaklqana.
  4725 | D:5      | Reached XP level 7. HP: 18/30 MP: 14/14
  4834 | D:5      | Reached skill level 5 in Dodging
  5158 | D:5      | Reached skill level 5 in Spellcasting
  5229 | D:5      | Found an opulent altar of Gozag.
  5229 | D:5      | Found a sacrificial altar of Ru.
  5404 | D:5      | Became a worshipper of Gozag Ym Sagoz the Greedy
  5468 | D:5      | Noticed a balrug
  5469 | D:5      | Found a burning altar of Makhleb.
  5473 | D:5      | Found a glowing silver altar of Zin.
  5473 | D:5      | Noticed an angel
  5522 | D:5      | Reached XP level 8. HP: 26/34 MP: 16/16
  5859 | D:5      | Reached skill level 6 in Dodging
  5933 | D:5      | Found a transporter.
  5961 | D:5      | Found a transporter.
  5964 | D:5      | Noticed TryHard88's ghost (novice FoFi)
  6172 | D:5      | Learned a level 1 spell: Apportation
  6449 | D:6      | Found Yllualam's Distillery.
  6452 | D:6      | Bought 2 potions of heal wounds for 110 gold pieces
  6672 | D:6      | Found a sand-covered staircase.
  6755 | D:6      | Found a runed translucent door.
  6755 | D:6      | Noticed TryHard88's ghost (novice MiBe)
  6774 | Ossuary  | Entered an ossuary
  7526 | D:7      | Noticed a hornet
  7538 | D:7      | Paralysed by a hornet for 3 turns
  7540 | D:7      | Mangled by a hornet
  7541 | D:7      | Reached XP level 7. HP: -10/33 MP: 21/26
  7579 | D:7      | Reached skill level 7 in Dodging
  7579 | D:7      | Reached XP level 8. HP: 36/36 MP: 18/18
  7628 | D:7      | Found a staircase to the Ecumenical Temple.
  7983 | D:7      | Reached skill level 5 in Fighting
  8107 | D:7      | Learned a level 4 spell: Petrify
  8180 | D:7      | Found a large runed translucent door.
  8181 | D:7      | Found a large runed translucent door.
  8194 | D:7      | Found a large runed translucent door.
  8194 | D:7      | Found a large runed translucent door.
  8204 | D:7      | Killed a hornet
  8289 | D:7      | Reached XP level 9. HP: 20/40 MP: 17/21
  8497 | D:7      | Reached skill level 8 in Dodging
  8622 | D:7      | Reached skill level 5 in Conjurations
  8648 | D:7      | Noticed a skeletal warrior
  8770 | D:7      | Killed a skeletal warrior
  9081 | D:8      | Noticed Psyche
  9086 | D:8      | Killed Psyche
  9183 | D:8      | Found a snail-covered altar of Cheibriados.
  9340 | D:8      | Reached skill level 9 in Dodging
  9349 | D:8      | Reached XP level 10. HP: 46/46 MP: 17/23
  9738 | D:8      | Noticed a manticore
  9743 | D:8      | Killed a manticore
 10198 | D:9      | Found a blossoming altar of Fedhas.
 10205 | D:9      | Found a stormy altar of Qazlal.
 10877 | D:10     | Entered Level 10 of the Dungeon
 10877 | D:10     | Found an iron altar of Okawaru.
 10890 | D:10     | Noticed Grum
 11085 | D:10     | Noticed Amaemon
 11115 | D:10     | Noticed an orange demon
 11133 | D:10     | Killed an orange demon
 11134 | D:10     | Reached skill level 10 in Dodging
 11191 | D:10     | Killed Grum
 11263 | D:10     | Found a staircase to the Lair.
 11417 | D:10     | Killed Amaemon
 11623 | D:10     | Reached skill level 10 in Spellcasting
 11633 | D:10     | Reached XP level 11. HP: 50/50 MP: 18/26
 11634 | D:10     | Noticed Erolcha
 11646 | D:10     | Killed Erolcha
 11802 | D:10     | Found a sparkling altar of Nemelex Xobeh.
 12190 | D:11     | Noticed a two-headed ogre
 12201 | D:11     | Killed a two-headed ogre
 12334 | D:11     | You fall into a shaft and drop 1 floor!
 12440 | D:12     | Noticed a two-headed ogre
 12445 | D:12     | Killed a two-headed ogre
 12575 | D:12     | Reached skill level 11 in Dodging
 12602 | D:12     | Noticed a boulder beetle
 12982 | D:11     | Found a staircase to the Orcish Mines.
 12988 | D:11     | Noticed Maurice
 13007 | D:11     | Killed Maurice
 13174 | D:11     | Noticed a boulder beetle
 13176 | D:12     | Noticed a green ugly thing
 13193 | D:11     | HP: 1/51 [boulder beetle (21)]
 13208 | D:11     | Killed a boulder beetle
 13290 | D:11     | Noticed a boulder beetle
 13325 | D:11     | Killed a boulder beetle
 14042 | D:11     | Gained mutation: Your thick and shaggy fur keeps you warm.
                  | (AC +3, rC+) [Felid growth]
 14042 | D:11     | Reached XP level 12. HP: 56/56 MP: 5/28
 14594 | Orc:1    | Entered Level 1 of the Orcish Mines
 14640 | Orc:1    | Noticed Nergalle
 14650 | Orc:1    | Killed Nergalle
 14834 | Orc:2    | Entered Level 2 of the Orcish Mines
 15044 | Lair:1   | Entered Level 1 of the Lair of Beasts
 15177 | D:10     | Reached skill level 12 in Dodging
 16140 | Lair:1   | Noticed a boulder beetle
 16269 | D:6      | Bought a potion of haste for 110 gold pieces
 16269 | D:6      | Bought a potion of heal wounds for 55 gold pieces
 16269 | D:6      | Bought a potion of magic for 88 gold pieces
 16269 | D:6      | Bought a potion of lignification for 33 gold pieces
 16269 | D:6      | Bought a potion of curing for 33 gold pieces
 16269 | D:6      | Bought a potion of cancellation for 88 gold pieces
 16269 | D:6      | Bought a potion of haste for 110 gold pieces
 16396 | D:1      | Bought a potion of heal wounds for 55 gold pieces
 16396 | D:1      | Bought a potion of invisibility for 88 gold pieces
 16396 | D:1      | Bought 2 potions of haste for 220 gold pieces
 16396 | D:1      | Bought a potion of curing for 33 gold pieces
 16396 | D:1      | Bought a potion of might for 44 gold pieces
 16429 | D:1      | Bought a potion of lignification for 39 gold pieces
 16429 | D:1      | Bought a potion of might for 52 gold pieces
 16429 | D:1      | Bought a potion of curing for 39 gold pieces
 16429 | D:1      | Bought a potion of flight for 39 gold pieces
 16429 | D:1      | Bought a potion of mutation for 104 gold pieces
 16429 | D:1      | Bought a potion of lignification for 39 gold pieces
 16776 | D:10     | Killed a boulder beetle
 16866 | Lair:1   | Noticed a death yak
 16868 | Lair:1   | Noticed a death yak
 16893 | Lair:1   | Killed a death yak
 16897 | Lair:1   | Noticed a death yak
 16940 | D:10     | Killed a death yak
 16971 | D:10     | Killed a death yak
 17263 | Lair:1   | Reached skill level 5 in Earth Magic
 18313 | Lair:2   | Found a large runed translucent door.
 18313 | Lair:2   | Found a large runed translucent door.
 18322 | Lair:2   | Noticed Conn's ghost (journeyman OpFE)
 18377 | Lair:2   | Reached XP level 13. HP: 50/61 MP: 30/30
 18846 | Lair:2   | Reached skill level 13 in Dodging
 19510 | Lair:3   | Found a hole to the Spider Nest.
 19708 | Lair:3   | Reached skill level 10 in Fighting
 19794 | Lair:3   | Found a staircase to the Swamp.
 19799 | Lair:3   | HP: 2/61 [tyrant leech (20)]
 20690 | Lair:3   | a tyrant leech changed into an ettin
 20690 | Lair:3   | Noticed an ettin
 20694 | Lair:3   | Killed an ettin
 23056 | D:13     | Found Vahed's General Store.
 23061 | D:13     | Bought 2 potions of heal wounds for 120 gold pieces
 23061 | D:13     | Bought a scroll of blinking for 90 gold pieces
 23061 | D:13     | Identified 4 scrolls of acquirement
 23069 | D:13     | Acquired the ring "Raed" {rF+++ rC+}
 23071 | D:13     | Acquired 551 gold pieces
 23073 | D:13     | Acquired the Catalogue of Nocuous Blasting
 23075 | D:13     | Acquired the Essays on Grounded Destruction
 23080 | D:13     | Learned a level 2 spell: Blink
 23087 | D:13     | Learned a level 6 spell: Statue Form
 23569 | D:1      | Bought a book of Power for 420 gold pieces
 23569 | D:1      | Bought a book of the Sky for 440 gold pieces
 23576 | D:1      | Learned a level 6 spell: Iron Shot
 24147 | Lair:3   | Slain by a death yak
 24148 | Lair:3   | Reached XP level 12. HP: -1/58 MP: 23/30
 24151 | Lair:3   | Killed a death yak
 24195 | Lair:4   | Killed a death yak
 24956 | Orc:2    | Found a staircase to the Elven Halls.
 24959 | Orc:2    | Noticed a two-headed ogre
 24959 | Orc:2    | Noticed a two-headed ogre
 24980 | Orc:2    | Killed a two-headed ogre
 24981 | Orc:2    | Noticed a two-headed ogre
 24984 | Orc:2    | Killed a two-headed ogre
 24993 | Orc:2    | Noticed an ogre mage
 24995 | Orc:2    | Killed an ogre mage
 24996 | Orc:2    | Reached XP level 13. HP: 54/62 MP: 2/31
 25039 | Orc:1    | Noticed Josephine
 25201 | Orc:2    | Reached skill level 14 in Dodging
 25283 | Orc:2    | Reached skill level 5 in Transmutations
 25589 | Orc:2    | Found Dugeceso's Armour Shop.
 25589 | Orc:2    | Found Judorgh's Weapon Emporium.
 25591 | Orc:2    | Found Baowkont's Jewellery Shoppe.
 25591 | Orc:2    | Found Humuutem's Antique Armour Shop.
 25608 | Orc:2    | Reached skill level 10 in Conjurations
 26068 | Orc:2    | Noticed Rupert
 26076 | Orc:2    | Killed Rupert
 26994 | Orc:2    | Killed Josephine
 29042 | Lair:5   | Entered Level 5 of the Lair of Beasts
 29048 | Lair:4   | Reached XP level 14. HP: 48/67 MP: 24/33
 29967 | Lair:5   | Reached skill level 15 in Dodging
 32161 | Lair:5   | Found a staircase to the Slime Pits.
 32737 | D:13     | Found a glowing golden altar of the Shining One.
 33011 | D:13     | Found the +8 whip "Snakebite" {venom, curare, rPois}
 33033 | D:13     | Hit by a large rock thrown by a cyclops
 33034 | D:13     | Reached XP level 13. HP: -2/83 MP: 1/32
 33522 | D:13     | Reached XP level 14. HP: 52/69 MP: 7/33
 33882 | D:14     | Found an opulent altar of Gozag.
 34685 | D:14     | Found a gate to the Vaults.
 34766 | D:15     | Entered Level 15 of the Dungeon
 34773 | D:15     | Found Fasenihu's Distillery.
 34793 | D:15     | Bought a potion of heal wounds for 75 gold pieces
 34793 | D:15     | Bought a potion of heal wounds for 75 gold pieces
 34793 | D:15     | Bought a potion of curing for 45 gold pieces
 34793 | D:15     | Bought a potion of curing for 45 gold pieces
 34793 | D:15     | Bought a potion of cancellation for 120 gold pieces
 35019 | D:15     | Found Xahenast's Assorted Antiques.
 35181 | D:15     | Reached skill level 16 in Dodging
 35216 | D:15     | Found a staircase to the Depths.
 35452 | D:15     | Bought a scroll labelled JAGIDO PIERUN for 37 gold pieces
 35452 | D:15     | Bought a scroll labelled JAGIDO PIERUN for 37 gold pieces
 35452 | D:15     | Bought 2 potions of haste for 740 gold pieces
 35452 | D:15     | Bought a scroll of identify for 74 gold pieces
 35452 | D:15     | Bought a brightly glowing jade amulet for 185 gold pieces
 35452 | D:15     | Identified the amulet of Ackaugh {Faith Int+4} (You bought
                  | it in a shop on level 15 of the Dungeon)
 36263 | D:15     | Reached skill level 1 in Unarmed Combat
 36688 | Elf:1    | Entered Level 1 of the Elven Halls
 36696 | Elf:1    | Found a white marble altar of Elyvilon.
 36696 | Elf:1    | Found a glowing golden altar of the Shining One.
 36698 | Elf:1    | Found a crumbling gateway.
 36698 | Elf:1    | Noticed an angel
 36698 | Elf:1    | Noticed an angel
 36706 | Elf:1    | Found a glowing silver altar of Zin.
 37030 | Elf:1    | Killed an angel
 37046 | Desolati | Entered the Desolation of Salt
 37120 | Desolati | Killed from afar by a ragged hierophant
 37121 | Desolati | Reached XP level 13. HP: 0/65 MP: 23/32
 37121 | Desolati | Found the +4 robe of Augmentation {Str+4 Int+4 Dex+4}
 37123 | Desolati | Identified the ring of Wylen {rC+ rCorr}
 37129 | Desolati | Identified the +1 rapier "Fiseec" {heavy, rElec Int+3 Dex-4
                  | SInv}
 37524 | Desolati | Learned a level 5 spell: Irradiate
 37532 | Desolati | Learned a level 7 spell: Orb of Destruction
 37541 | Desolati | Learned a level 7 spell: Spellforged Servitor
 37545 | Desolati | Reached XP level 14. HP: 69/69 MP: 21/33
 37583 | Desolati | HP: 4/87 [molten gargoyle/+0 mace[a halazid warlock] (11)]
 37588 | Desolati | Killed from afar by a molten gargoyle

Illustrated notes

Levels and vault maps discovered:
D:1:      nagdon_arrival_double_spiral, layout_basic, serial_shops,
          nicolae_shop_advertising_works [nicolae_subvault_shop_adworks], shop,
          nicolae_diamond_shop, nicolae_shop_hallway_stairs
D:2:      layout_basic, chequers_ecumenical_altar_grove, serial_shops, shop,
          serial_bayou_lagoon_a
D:3:      layout_basic, mainiacjoe_overflow_boulevard, minmay_quadrilaterals
D:4:      layout_cave_pools
D:5:      layout_layer_cave, grunt_temple_overflow_order_and_chaos_2,
          nicolae_overflow_two_pavilions,
          chequers_temple_overflow_statue_of_worship, gammafunk_ghost_mausoleum
D:6:      layout_loops_ring, serial_shops, shop_statue, enter_ossuary_1,
          ebering_ghost_inner_flame, chequers_serial_rivers_micro_b,
          grunt_ministairs_12, minmay_misc_feat_tiny,
          amcnicky_mini_rare_corridor_liquid
D:7:      layout_rooms, temple_statues, minmay_hollow_rounded_squares
D:8:      layout_loops_ring, slow_altar_1, supply_closet_lemuel, uniq_psyche
D:9:      layout_cave_pods, grunt_temple_overflow_forces_of_nature
D:10:     layout_basic, nicolae_overflow_crystal_walls,
          mainiacjoe_overflow_catwalk, david_lair_generic, uniq_amaemon,
          uniq_erolcha, uniq_grum
D:11:     layout_irregular_city, orc_david_3, dreamdust_gnoll_shepherd,
          uniq_maurice
D:12:     layout_irregular_city
D:13:     minmay_the_grid_triangle_9x9_recursive_2
          [minmay_the_grid_triangle_9x9_prize_insulated,
          minmay_the_grid_triangle_9x9_warning,
          minmay_the_grid_triangle_9x9_negative_grid,
          minmay_the_grid_triangle_9x9_steps], layout_small_grid, serial_shops,
          kennysheep_little_box, tso_altar
D:14:     cheibrodos_statue_roulette, layout_rooms, david_vaults_2,
          grunt_gozag_statues, minmay_misc_feat_hallway
D:15:     hangedman_depths_entry_civil_slaughter, layout_irregular_city,
          serial_shops, nicolae_shop_waterfront, nicolae_diamond_shop,
          portal_ice_cave_entry_ice_statue_one
Lair:1:   layout_gridlike, beast_lair_carwin_6, infiniplex_staircase_pool
Lair:2:   layout_loops_ring, serial_bayou, serial_bayou_ford_a,
          serial_bayou_pond_c, serial_bayou_lake_a, serial_bayou_lagoon_b,
          ebering_ghost_disaster_area
Lair:3:   layout_hall_layers, palyth_hydra_swamp_entry, spider_nest_entry_a,
          serial_bayou_pond_b
Lair:4:   layout_misc_corridors, chequers_serial_rivers_small_3
Lair:5:   hangedman_lair_tendril_chambers, layout_regular_city,
          minmay_slime_entry_oklob_open, minivault_19,
          chequers_serial_rivers_large_a
Orc:1:    cheibrodos_orc_guarddog, layout_caves, basic_altar, uniq_josephine,
          uniq_nergalle
Orc:2:    st_orc_ogre_mass, layout_caves, uniq_rupert
Elf:1:    nicolae_elf_arrival_no_cutting_in_line, layout_gridlike,
          portal_desolation_entry_holy_temple, minmay_elf_sorcery, uniq_jorgrun
Desolation

Skill      XL: |  1  2  3  4  5  6  7  8  9 10 11 12 13 14 |
---------------+-------------------------------------------+-----
Stealth        | 3 |  3.3
Dodging        | 3 4 7 6 9 10 11 12 14 16 | 16.3
Fighting       | 1 2 3 5 6 7 8 9 11 12 | 12.6
Conjurations   | 1 2 4 5 6 7 8 11 | 11.5
Earth Magic    | 3 4 5 7 9 |  9.2
Spellcasting   | 3 4 5 7 8 10 11 12 14 | 14.9
Transmutations | 2 4 9 8 |  9.0
Unarmed Combat | 2 1 |  2.4
Summonings     | |  0.3

Action                     |  1- 3 |  4- 6 |  7- 9 | 10-12 | 13-15 || total
---------------------------+-------+-------+-------+-------+-------++-------
  Melee: Unarmed           |     1 |       |     1 |     6 |   191 ||   199
         Bite              |       |       |       |     2 |    46 ||    48
         Punch             |       |       |       |       |     4 ||     4
   Cast: Sandblast         |    52 |   120 |    34 |     8 |       ||   214
         Stone Arrow       |       |    17 |   202 |   497 |   511 ||  1227
         Petrify           |       |       |       |    10 |     4 ||    14
         Iron Shot         |       |       |       |     8 |   263 ||   271
         Statue Form       |       |       |       |     1 |    67 ||    68
         Apportation       |       |       |       |       |     1 ||     1
         Blink             |       |       |       |       |     1 ||     1
         Passwall          |       |       |       |       |     1 ||     1
 Invoke: Potion Petition   |       |       |       |     1 |     8 ||     9
  Evoke: Wand              |       |     1 |     4 |    19 |    18 ||    42
         Phantom mirror    |       |       |       |     1 |     4 ||     5
         Lightning rod     |       |       |       |       |     4 ||     4
         Condenser vane    |       |       |       |       |     2 ||     2
         Phial of floods   |       |       |       |       |     1 ||     1
    Use: Potion            |     1 |     3 |     1 |    10 |    14 ||    29
         Scroll            |       |     4 |       |     1 |    33 ||    38
   Stab: Sleeping          |       |       |     1 |       |       ||     1
         Paralysed         |       |       |       |     4 |       ||     4
         Petrified         |       |       |       |       |     5 ||     5
         Distracted        |       |       |       |       |     1 ||     1
 Armour: Skin              |     1 |     1 |     3 |    17 |   322 ||   344
  Dodge: Dodged            |    26 |    54 |   105 |   310 |  1453 ||  1948

Table legend: (Time is in decaauts)
 A = Elapsed time spent in this place.
 B = Non-inter-level travel time spent in this place.
 C = Inter-level travel time spent in this place.
 D = Time resting spent in this place.
 E = Time spent auto-exploring this place.
 F = Levels seen in this place.
 G = Mean time per level.
                   A        B        C        D        E       F      G
               +--------+--------+--------+--------+--------+-----+--------+
         Total |  35528 |  32803 |   2725 |   9113 |  18341 |  25 | 1421.1 |
       Dungeon |  20676 |  18697 |   1979 |   5356 |  10736 |  15 | 1378.4 |
          Lair |   9537 |   8985 |    552 |   2108 |   5386 |   5 | 1907.4 |
  Orcish Mines |   3794 |   3607 |    187 |   1277 |   1747 |   2 | 1897.0 |
   Elven Halls |    376 |    371 |      5 |     28 |    207 |   1 |  376.0 |
       Ossuary |    474 |    474 |      0 |     38 |    244 |   1 |  474.0 |
    Desolation |    669 |    669 |      0 |    304 |     18 |   1 |  669.0 |
               +--------+--------+--------+--------+--------+-----+--------+

Top non-repeatable levels by time:
   Orc:2: 2825 daAuts
  Lair:5: 2662 daAuts
    D:10: 2291 daAuts
  Lair:3: 2122 daAuts
    D:12: 2038 daAuts
  Lair:4: 1964 daAuts
    D:15: 1951 daAuts
    D:11: 1747 daAuts
  Lair:2: 1486 daAuts
    D:13: 1418 daAuts
     D:5: 1394 daAuts
  Lair:1: 1301 daAuts
     D:7: 1282 daAuts
     D:2: 1230 daAuts
     D:3: 1210 daAuts
